AoeStats
← ikbendom

Arabia

508948143Analyzed
1v1 RM · 9d ago on Sep 24, 2026· 30m 37s· 2 players
Game mode
Random Map
Map size
Tiny (2 player)
Population
200
Speed
Normal
Resources
Standard
Victory
Conquest
Starting age
Dark Age
Ending age
Imperial Age
RankedLock teamsTeams togetherTeam positionsShared explorationLock speedFull tech treeHidden civsTurbo modeCheats
Victory
Defeat
🇬🇧 Mongols · United Kingdom
1015
+15
🇳🇱 Franks · Netherlands
1000
-45
ikbendom
6:53 Loom
11:46 Feudal Age
12:17 Loom
13:27 Wheelbarrow
14:11 Double-Bit Axe
22:10 Castle Age
21:15 Forging
22:10 Scale Barding Armor
28:03 Fletching
Joe
6:59 Loom
8:47 Feudal Age
7:03 Loom
10:03 Double-Bit Axe
11:13 Horse Collar
18:31 Wheelbarrow
20:41 Castle Age
19:20 Gold Mining
22:07 Fletching
22:22 Husbandry
23:08 Bow Saw
24:33 Bloodlines
24:23 Bodkin Arrow
25:16 Padded Archer Armor
26:07 Ballistics
Connection lost

Rejoining the realm…

Still unreachable

The connection could not be restored.

Session expired

The server has moved on; the page needs a fresh start.